 Dungeon Crawl Stone Soup version 0.30-b1-2-g02819fbbbe (webtiles) character file.

Game seed: 9469779280465133768

1578802 Vorhees the Archmage (level 27, 209/221 HPs)
             Began as a Djinni Summoner on Sept 1, 2023.
             Was an Initiate of Gozag.
             Escaped with the Orb
             ... and 3 runes on Sept 7, 2023!
             The game lasted 03:38:56 (76846 turns).

Vorhees the Archmage (Djinni Summoner)             Turns: 76846, Time: 03:38:57

Health: 209/221    AC: 18    Str: 11    XL:     27
Gold:   12595      EV: 23    Int: 37    God:    Gozag SH: 16 Dex: 19

rFire   + + +        J - staff of conjuration "Cobo Rij" {rPois rC+ Int+2}
rCold   + + +        Q - +2 shield of Resistance {rF++ rC++ Will++}
rNeg    + + .        M - +5 steam dragon scales
rPois   ∞            c - +2 helmet {SInv}
rElec   +            e - scarf "Cuvvotug" {repulsion, rC+ Int+4}
rCorr   .            u - +2 pair of gloves {Dex+3}
SInv    +            (boots unavailable)
Will    +++++        r - amulet of regeneration
Stlth   +            U - ring of Xom's Capriciousness {rC+ rN+ Dex+2 SInv}
HPRegen 1.36/turn    R - ring "Jablocot" {rElec rN+ Will++ Int+4}
MPRegen 0.00/turn

%: repel missiles
@: gold aura, flying, studying 2 skills
A: sickness immunity, fire resistance 2, cold vulnerability 1, float, innate
caster, HP casting, extra vitality 1, dopey 1, strong 1, MP-powered wands
0: Orb of Zot
}: 3/15 runes: decaying, serpentine, slimy
a: Renounce Religion, Potion Petition, Call Merchant, Bribe Branch


You escaped.
You worshipped Gozag.
Gozag was extremely pleased with you.
You visited 11 branches of the dungeon, and saw 54 of its levels.
You visited 1 ziggurat, and saw 5 of its levels.
You also visited: Volcano.

You collected 34974 gold pieces.
You spent 7829 gold pieces at shops.
You paid 14550 gold pieces to Gozag.

Inventory:

Hand Weapons
 b - the +1 long sword of Deformation {drain, rF++ rCorr Int-4 SInv}
   (You found it on level 5 of the Lair of Beasts)

   Int:       It affects your intelligence (-4).
   rF:        It greatly protects you from fire.
   SInv:      It lets you see invisible.
   rCorr:     It protects you from acid and corrosion.
 N - the +2 rapier of Ravage {flame, rElec Dex+3 SInv}
   (You bought it in a shop on level 2 of the Orcish Mines)

   Dex:       It affects your dexterity (+3).
   rElec:     It insulates you from electricity.
   SInv:      It lets you see invisible.
Armour
 c - a +2 helmet of see invisible (worn)
 e - the scarf "Cuvvotug" (worn) {repulsion, rC+ Int+4}
   (You acquired it on level 1 of the Dungeon)

   Int:       It affects your intelligence (+4).
   rC:        It protects you from cold.
 u - a +2 pair of gloves of dexterity (worn)
 M - +5 steam dragon scales (worn)
 Q - the +2 shield of Resistance (worn) {rF++ rC++ Will++}
   (You bought it in a shop on level 3 of the Snake Pit)

   rF:        It greatly protects you from fire.
   rC:        It greatly protects you from cold.
   Will:      It greatly increases your willpower.
 W - a +2 cloak of preservation
Magical Staves
 J - the staff of conjuration "Cobo Rij" (weapon) {rPois rC+ Int+2}
   (You found it on level 3 of the Elven Halls)

   [staff of conjuration]

   Your inability to study Conjurations prevents you from drawing on the full
   power of this staff in melee.
   Base accuracy: +5 Base damage: 5 Base attack delay: 1.2 This weapon's minimum
   attack delay (0.6) is reached at skill level 12.
   Int:       It affects your intelligence (+2).
   rC:        It protects you from cold.
   rPois:     It protects you from poison.
   It falls into the 'Staves' category.
   It is a one-handed weapon.
 S - the staff of poison "Mut Qoal" {rPois rCorr Int+5}
   (You found it on level 5 of the Pits of Slime)

   [staff of poison]

   Your inability to study Poison Magic prevents you from drawing on the full
   power of this staff in melee.
   Base accuracy: +5 Base damage: 5 Base attack delay: 1.2 This weapon's minimum
   attack delay (0.6) is reached at skill level 12.
   Int:       It affects your intelligence (+5).
   rPois:     It protects you from poison.
   rCorr:     It protects you from acid and corrosion.
   It falls into the 'Staves' category.
   It is a one-handed weapon.
Jewellery
 a - a ring of resist corrosion
 h - the ring of Peace {Fire rN+ Str+3 Int+4}
   (You took it off a deep elf high priest on level 3 of the Elven Halls)

   [ring of fire]

   It enhances your fire magic.
   Str:       It affects your strength (+3).
   Int:       It affects your intelligence (+4).
   rF:        It protects you from fire.
   rC:        It makes you vulnerable to cold.
   rN:        It protects you from negative energy.
 r - an amulet of regeneration (around neck)
 O - the ring "Wiocaluu" {rPois Int+6 Slay+2}
   (You found it on level 5 of the Pits of Slime)

   [ring of intelligence]

   Int:       It affects your intelligence (+6).
   Slay:      It affects your accuracy & damage with ranged weapons and melee
   (+2).
   rPois:     It protects you from poison.
 R - the ring "Jablocot" (right hand) {rElec rN+ Will++ Int+4}
   (You found it on level 3 of the Crypt)

   [ring of positive energy]

   Int:       It affects your intelligence (+4).
   rElec:     It insulates you from electricity.
   rN:        It protects you from negative energy.
   Will:      It greatly increases your willpower.
 U - the ring of Xom's Capriciousness (left hand) {rC+ rN+ Dex+2 SInv}
   (You found it on level 14 of the Dungeon)

   [ring of see invisible]

   Dex:       It affects your dexterity (+2).
   rC:        It protects you from cold.
   rN:        It protects you from negative energy.
   SInv:      It lets you see invisible.
 Y - the amulet "Cuzxeh" {-Tele Regen+ Dex+4 SInv}
   (You found it on level 5 of a ziggurat)

   [amulet of regeneration]

   Dex:       It affects your dexterity (+4).
   SInv:      It lets you see invisible.
   -Tele:     It prevents most forms of teleportation.
   Regen:     It increases your rate of health regeneration.
Wands
 k - a wand of polymorph (23)
 s - a wand of roots (60)
 t - a wand of flame (122)
 y - a wand of charming (71)
 z - a wand of mindburst (37)
 B - a wand of digging (15)
 D - a wand of quicksilver (32)
Scrolls
 j - 39 scrolls of teleportation
 l - 6 scrolls of summoning
 x - 12 scrolls of enchant weapon
 C - 8 scrolls of poison
 E - 2 scrolls of enchant armour
 F - 4 scrolls of immolation
 H - 9 scrolls of fog
 I - 5 scrolls of blinking
 L - 2 scrolls of magic mapping
 T - 7 scrolls of fear
Potions
 d - 8 potions of haste
 i - 4 potions of berserk rage
 m - 11 potions of ambrosia
 n - 28 potions of curing
 o - 6 potions of brilliance
 p - 4 potions of heal wounds
 q - 8 potions of cancellation
 w - 7 potions of might
 A - 4 potions of resistance
 G - 5 potions of mutation
 K - 5 potions of invisibility
Miscellaneous
 P - a box of beasts
 V - a lightning rod (4/4)


   Skills:
 * Level 25.2 Fighting
 - Level 0.1 Short Blades
 - Level 1.2 Maces & Flails
 - Level 7.5 Armour
 - Level 17.3 Dodging
 - Level 6.3 Stealth
 - Level 13.3 Shields
 O Level 27 Spellcasting
 - Level 12.5 Evocations


You knew the following spells:

 Your Spells              Type           Power      Damage    Failure   Level
a - Summon Small Mammal   Summ           100%       N/A       0%          1
b - Call Imp              Summ           100%       N/A       0%          2
c - Call Canine Familiar  Summ           100%       N/A       0%          3
d - Summon Guardian Gole  Hex/Summ       100%       N/A       0%          3
e - Summon Lightning Spi  Summ/Air       100%       N/A       0%          4
f - Necrotise             Necr           100%       1d9       0%          1
g - Ensorcelled Hibernat  Hex/Ice        100%       N/A       0%          2
h - Poisonous Vapours     Pois/Air       100%       N/A       0%          2
i - Confusing Touch       Hex            100%       N/A       0%          3
j - Blade Hands           Tmut           64%        N/A       0%          5
k - Iskenderun's Battles  Conj           100%       2d15      0%          5
l - Iron Shot             Conj/Erth      77%        9d14      0%          6
m - Death Channel         Necr           64%        N/A       0%          6
n - Eringya's Noxious Bo  Tmut/Pois      64%        N/A       0%          6
o - Enfeeble              Hex            64%        N/A       0%          7
p - Lehudib's Crystal Sp  Conj/Erth      77%        10d17     1%          8
q - Death's Door          Necr           64%        N/A       1%          9
r - Fire Storm            Conj/Fire      77%        8d19      1%          9
Your spell library was empty.

Dungeon Overview and Level Annotations

Branches:
Dungeon (15/15)            Temple (0/1) D:6            Lair (5/5) D:8
  Swamp (4/4) Lair:3        Snake (4/4) Lair:3        Slime (5/5) Lair:4
    Orc (2/2) D:9             Elf (3/3) Orc:2        Vaults (4/5) D:14
  Crypt (3/3) Vaults:3       Tomb (0/3) Crypt:3      Depths (4/4) D:15
    Zot (5/5) Depths:4    Volcano (visited)

Altars:
Ashenzari
Cheibriados
Elyvilon
Fedhas
Gozag
Nemelex Xobeh
Qazlal
Ru
Wu Jian
Yredelemnul
Zin
The Shining One
Jiyva
Lugonu

Shops:
D:2 (*(   D:3 *   D:4 !(:([   Orc:2 *?*[[=[:   Elf:1 *   Snake:3 [[[[
Snake:4 ![!   Depths:2 *   Depths:4 [

Portals:
Hell: Depths:1 Depths:2 Depths:3 Depths:4
Abyss: Depths:2 Depths:3
Pandemonium: Depths:2

Annotations:
Swamp:1 Roxanne
Elf:2 1 runed translucent door
Crypt:1 1 transporter
Depths:1 3 runed translucent doors, Boiggue's ghost, veteran KoVM; Plog's ghost, adept DgCj
Depths:2 2 transporters, exclusion: obsidian statue
Zot:4 1 runed translucent door, Toelubet's ghost, veteran CeHu


Innate Abilities, Weirdness & Mutations

You are immune to sickness and miasma.
You are immune to poison.
Your flesh is very heat resistant. (rF++)
You are vulnerable to cold. (rC-)
You float through the air rather than walking.
You learn spells naturally, not from books.
Your magical power is your life essence.
You have superior vitality. (+4 MHP)
You are dopey. (Int -2)
Your muscles are strong. (Str +4, Int/Dex -1)
You expend health (3 HP) to strengthen your wands.


Message History

There is a stone staircase leading down here.
Unknown command.
There is an escape hatch in the floor here.
There is a stone staircase leading up here.
You fly upwards.
There is a stone staircase leading down here.
Unknown command. 3 hell hounds come into view.
The hell hound barks! x2
A hell hound comes into view.
The hell hound breathes flames at you.
The blast of flame is repelled.
Aiming: Iron Shot (safe; 0% risk of failure)
Press: ? - help, Q - select action, (/) - cycle Shift-Dir - straight line, f - hell hound
Aim: a hell hound (76% to hit)
You feel a surge of power!
The iron shot hits the hell hound!!!
You kill the hell hound!
Unknown command.
Aiming: Iron Shot (safe; 0% risk of failure)
Press: ? - help, Q - select action, (/) - cycle Shift-Dir - straight line, f - hell hound
Aim: a hell hound (76% to hit)
You feel a surge of power!
The iron shot hits the hell hound!!!
You kill the hell hound!
Unknown command.
Aiming: Iron Shot (safe; 0% risk of failure)
Press: ? - help, Q - select action, (/) - cycle Shift-Dir - straight line, f - hell hound
Aim: a hell hound (76% to hit)
You feel a surge of power!
The iron shot hits the hell hound!!!
You kill the hell hound!
You block the hell hound's attack.
Aiming: Iron Shot (safe; 0% risk of failure)
Press: ? - help, Q - select action, (/) - cycle Shift-Dir - straight line, f - hell hound
Aim: a hell hound (76% to hit)
You feel a surge of power!
The iron shot hits the hell hound!!!!
You kill the hell hound!
Unknown command.
You now have 12595 gold pieces (gained 16).
There is an open door here.
There is a staircase leading out of the dungeon here.
You have escaped!

.#####.#...#.#.........####......
.# #.#...#.#####...### ######. .#
#.#...#.# #......# ## ##
#.#...#.####.#.##.#
#.................# #
##.................# ###### ##
#.........##'##....# #.....
.####..##....##..$##...# #.####
#............#..@..#...#####.#
.####.#.#....##...##.........# ##
#.........##+##....####### #
#....:......[......# #
#..................#
#########.####.......#.# ......#
#.# #.#.###...#
####..###.####.#.###.###
.†....#.....#........#


There were no monsters in sight!

Vanquished Creatures
  the Royal Jelly (Slime:5)
  An orb of fire (Zot:1)
  An ancient lich (Crypt:3)
  Mara (Elf:3)
  2 juggernauts (Depths:3)
  Parghit (Zot:4)
  the Lernaean hydra (Swamp:4)
  A curse toe (Zot:1)
  3 golden dragons
  Xtahua (Depths:3)
  Jory (Crypt:3)
  A bone dragon (Depths:4)
  A Tzitzimitl (D:15)
  2 doom hounds (Depths:3)
  A Brimstone Fiend (Zot:3)
  2 electric golems
  8 tentacled monstrosities
  Mlioglotl (Swamp:4)
  4 liches
  A walking earthen tome (Depths:3)
  7 quicksilver dragons
  3 deep elf blademasters (Elf:3)
  3 Orb Guardians
  17 acid blobs
  3 deep elf master archers
  2 ancient champions
  The ghost of Boaviesu the Blocker, an adept FoFi of Jiyva (Swamp:4)
  A walking frostbound tome (Depths:4)
  12 death cobs
  A tentacled starspawn (Zig:5)
  A thorn hunter (Swamp:2)
  8 storm dragons
  4 sphinxes
  8 shadow dragons
  4 draconian monks
  8 rockslimes
  A daeva (Zot:2)
  A fenstrider witch (Swamp:2)
  4 draconian knights
  9 azure jellies
  2 fire giants (Depths:3)
  2 frost giants
  A nagaraja (Snake:4)
  11 vault wardens
  10 deep elf sorcerers
  6 draconian shifters
  A ghost moth (Zot:3)
  9 draconian scorchers
  Aizul (Snake:4)
  A caustic shrike zombie (Crypt:3)
  3 deep elf elementalists
  A curse skull (Crypt:3)
  9 ghouls
  A balrug (Zot:1)
  A juggernaut skeleton (Crypt:1)
  3 spectral caustic shrikes (Depths:1)
  12 draconian stormcallers
  3 draconian annihilators
  2 reapers
  8 ironbound preservers
  A war gargoyle (Vaults:3)
  2 orc warlords
  9 ironbound thunderhulks
  12 quicksilver oozes
  6 very ugly things
  10 green draconians
  The ghost of Hulashix the Severer, a journeyman MiBe of Trog (Elf:2)
  8 stone giants
  4 eleionomae
  13 vampire knights
  11 dire elephants
  7 deep elf demonologists
  9 black draconians
  A demonspawn black sun (D:10)
  7 deep elf annihilators
  5 bunyips
  6 purple draconians
  A starcursed mass (Zig:5)
  Azrael (D:14)
  A lorocyproca (D:10)
  14 yellow draconians
  A minotaur (Lair:4)
  9 white draconians
  4 spark wasps
  7 red draconians
  2 eidola
  7 deep elf death magi
  3 crystal guardians
  A green death (Zot:2)
  A blizzard demon (Depths:4)
  2 entropy weavers
  2 ettins
  14 jiangshi
  7 fire dragons
  5 deep elf high priests
  7 yaktaur captains
  Josephine (Swamp:1)
  2 shambling mangroves
  3 spriggan zombies
  7 great orbs of eyes
  A hell beast (D:14)
  11 ironbound frosthearts
  10 hydras
  2 ice dragons
  8 vault guards
  2 salamander tyrants (Snake:4)
  An ogre mage (D:14)
  A rakshasa (Depths:1)
  A juggernaut simulacrum (Crypt:3)
  5 spriggan air magi
  4 ghost crabs
  A fenstrider witch zombie (Crypt:3)
  20 centaur warriors
  4 anacondas
  3 peacekeepers
  5 death knights
  36 dancing weapons
  A death yak (Lair:5)
  14 naga warriors
  7 alligators
  9 two-headed ogres
  4 deep troll shamans
  4 boulder beetles
  6 deep troll earth magi
  11 vampire magi
  4 orc high priests
  5 spriggan berserkers
  9 naga sharpshooters
  5 shock serpents
  2 sun demons (Zot:1)
  2 soul eaters
  10 hell knights
  3 storm dragon zombies (Crypt:3)
  6 spriggans
  A wretched star (Zig:5)
  23 deep elf knights
  3 shadow wraiths
  6 skysharks
  2 iron trolls
  22 skeletal warriors
  2 salamander mystics (Snake:4)
  8 sea snakes
  A spatial maelstrom (Zig:5)
  A golden dragon zombie (Crypt:3)
  5 goliath frogs
  2 iron giant zombies
  A storm dragon skeleton (Vaults:2)
  29 deep trolls
  6 naga ritualists
  A bunyip zombie (Crypt:3)
  An anaconda zombie (Crypt:3)
  3 spriggan druids
  4 swamp dragons
  3 obsidian statues
  3 flayed ghosts
  17 deep elf archers
  A shadow demon (D:9)
  17 ironbound convokers
  9 bog bodies
  10 harpies
  4 orange crystal statues
  A shadow dragon zombie (Crypt:2)
  5 glowing orange brains
  17 orc knights
  29 deep elf pyromancers
  13 lindwurms
  12 wizards
  11 phantasmal warriors
  4 necromancers
  3 orc sorcerers
  17 mana vipers
  42 deep elf zephyrmancers
  A steelbarb worm (Zig:2)
  A frost giant zombie (Vaults:2)
  6 cyclopes
  4 will-o-the-wisps
  48 ugly things
  A moth of wrath (shapeshifter) (Elf:2)
  11 shining eyes
  9 salamanders
  A manticore (D:15)
  2 rust devils
  3 elephants
  19 moths of wrath
  3 guardian serpents
  10 vault sentinels
  Joseph (D:7)
  2 eyes of devastation (Depths:1)
  2 centaur zombies
  11 naga magi
  An alligator snapping turtle zombie (Crypt:3)
  A smoke demon (Zot:1)
  A dire elephant zombie (Crypt:3)
  3 ice statues
  29 black mambas
  A cane toad (Lair:5)
  A pale draconian zombie (Crypt:1)
  2 centaur skeletons
  A death yak zombie (Crypt:3)
  14 yaktaurs
  A kobold demonologist (Elf:1)
  An unseen horror (D:12)
  2 efreet
  An ancient zyme (Zig:5)
  8 freezing wraiths
  An ice devil (Depths:2)
  8 komodo dragons
  A red devil (Depths:2)
  A hellwing (Depths:2)
  A meliai (shapeshifter) (D:12)
  A queen bee (D:10)
  7 trolls
  A harpy zombie (Crypt:2)
  5 bloated husks
  A tarantella (shapeshifter) (D:13)
  A wolf spider simulacrum (D:15)
  15 blink frogs
  12 tyrant leeches
  11 hornets
  A snapping turtle (shapeshifter) (Vaults:2)
  An ettin zombie (Crypt:2)
  An ettin skeleton (Vaults:2)
  114 slime creatures
  6 flying skulls (Crypt:2)
  A jumping spider (Vaults:1)
  A centaur simulacrum (D:15)
  2 culicivoras (Zig:2)
  3 air elementals
  3 large abominations
  12 wraiths
  24 vampires
  2 wyverns
  4 water elementals
  2 hogs (D:14)
  A ynoxinul (Depths:2)
  21 yaks
  A basilisk (Lair:5)
  13 golden eyes
  9 fire elementals
  A chaos spawn (Depths:2)
  5 redbacks
  A redback (shapeshifter) (Depths:4)
  7 vampire mosquitoes
  A catoblepas simulacrum (Crypt:2)
  A warg (Crypt:1)
  A two-headed ogre zombie (Crypt:2)
  A cane toad zombie (Crypt:2)
  8 swamp worms
  3 floating eyes
  2 water moccasins
  39 nagas
  A deep troll skeleton (Crypt:3)
  6 hell hounds
  31 orc warriors
  5 swamp drakes
  9 ogres
  6 boggarts
  11 wolves (Lair:3)
  7 centaurs
  An elephant skeleton (Crypt:1)
  A phantom (D:4)
  A yaktaur zombie (Crypt:3)
  9 bullfrogs
  5 necrophages
  2 gnoll sergeants (D:9)
  5 earth elementals
  16 killer bees
  A queen bee zombie (Crypt:1)
  14 electric eels
  4 howler monkeys
  A human zombie (Crypt:3)
  29 orc priests
  A hound (D:6)
  A black bear zombie (Crypt:2)
  21 orc wizards
  A deep dwarf skeleton (Crypt:2)
  A hound zombie (Crypt:1)
  A hound skeleton (Crypt:3)
  A howler monkey zombie (Crypt:1)
  3 gnolls
  A howler monkey skeleton (Crypt:2)
  2 adders (D:6)
  A swamp drake skeleton (Crypt:2)
  A jelly zombie (Crypt:3)
  2 worms
  2 dart slugs
  65 orcs
  2 bats (D:3)
  3 endoplasms
  2 giant cockroaches
  2 goblins
  7 hobgoblins
  A jackal (D:1)
  A quokka (D:1)
  4 ball pythons
  A frilled lizard (D:2)
  A frilled lizard skeleton (Crypt:2)
  A frilled lizard zombie (Crypt:2)
  7 kobolds (D:9)
  A rat (D:1)
  A starspawn tentacle (Zig:5)
1853 creatures vanquished.

Vanquished Creatures (collateral kills)
  3 dread liches
  An orb of fire (Zot:5)
  2 Killer Klowns (Zot:5)
  Saint Roka (Crypt:1)
  A golden dragon (Zot:5)
  Nikola (Swamp:4)
  An electric golem (Zot:5)
  A doom hound (Depths:3)
  Rupert (D:15)
  Grunn (Depths:3)
  3 tentacled monstrosities
  13 Orb Guardians (Zot:5)
  3 acid blobs
  3 death cobs
  Kirke (D:14)
  A shadow dragon (Zot:1)
  Donald (Vaults:1)
  A fire giant (Depths:3)
  2 nagarajas (Snake:4)
  2 azure jellies
  2 quicksilver oozes
  A spriggan defender (Depths:3)
  A draconian annihilator (Zot:5)
  A cacodemon (Zot:5)
  An ironbound thunderhulk (Vaults:3)
  4 very ugly things (Vaults:4)
  A green draconian (Zot:3)
  A vampire knight (Depths:3)
  A dire elephant (Vaults:3)
  A white draconian (Zot:3)
  A fire dragon (Depths:3)
  A rakshasa (Depths:1)
  An ironbound frostheart (Vaults:4)
  A salamander tyrant (Snake:4)
  An ice dragon (Orc:1)
  2 anacondas
  A hell beast (Zot:5)
  A vault guard (Vaults:4)
  5 hydras (Swamp:4)
  An ogre mage (D:15)
  A catoblepas (Lair:5)
  3 naga warriors
  A centaur warrior (Vaults:2)
  3 death yaks (Lair:5)
  3 two-headed ogres
  2 deep troll shamans
  2 orc high priests (Orc:2)
  2 naga sharpshooters
  A soul eater (Zot:5)
  A wretched star (Zig:5)
  A hell knight (Depths:3)
  A salamander mystic (Snake:4)
  3 iron trolls
  A skyshark (Lair:5)
  A bog body (Lair:3)
  4 wizards
  8 deep trolls
  3 naga ritualists
  2 goliath frogs (Lair:5)
  3 lindwurms
  2 deep elf pyromancers
  5 swamp dragons (Swamp:4)
  2 necromancers
  A deep elf archer (Elf:1)
  2 ironbound convokers
  A harpy (Vaults:3)
  3 orc knights
  6 mana vipers
  17 ugly things
  2 salamanders (Snake:2)
  3 cyclopes
  5 elephants
  A moth of wrath (Zot:5)
  A toenail golem (Volcano)
  2 vault sentinels (Vaults:2)
  An eye of devastation (Slime:2)
  4 naga magi
  2 molten gargoyles (Volcano)
  6 black mambas
  An orange demon (Zot:5)
  A torpor snail (Lair:4)
  2 gargoyles
  21 cane toads
  A kobold demonologist (D:11)
  3 komodo dragons
  2 yaktaurs (Vaults:1)
  2 efreet (Volcano)
  4 polar bears
  A bloated husk (Swamp:2)
  8 blink frogs (Lair:5)
  15 slime creatures
  A basilisk (Lair:1)
  A vampire (D:11)
  34 yaks
  An unseen horror simulacrum (D:10)
  3 fire elementals (Volcano)
  A hog (D:14)
  A warg (Orc:1)
  A neqoxec (Zot:5)
  9 vampire mosquitoes
  9 nagas
  Duvessa (D:7)
  18 water moccasins
  26 orc warriors
  2 swamp drakes (Swamp:4)
  An ice beast (D:8)
  A wolf (Orc:1)
  6 ogres
  A centaur (D:8)
  A phantom (D:5)
  6 kobold brigands (D:9)
  7 bullfrogs
  2 gnoll sergeants
  2 earth elementals (Volcano)
  A scorpion (D:7)
  Dowan (D:7)
  15 killer bees (D:10)
  2 howler monkeys (D:9)
  3 jellies (Lair:4)
  11 orc priests
  A human skeleton (Crypt:1)
  2 iguanas
  5 orc wizards
  A sleepcap (D:5)
  3 polar bear simulacra (D:11)
  A yak simulacrum (D:11)
  4 wolf simulacra (D:11)
  2 centaur simulacra
  10 gnolls
  3 adders
  2 white imps
  4 worms
  2 dart slugs
  54 orcs
  4 endoplasms
  A giant cockroach (D:1)
  6 goblins
  5 hobgoblins
  5 jackals
  6 kobolds
  A quokka (D:4)
  3 bats
  3 frilled lizards
  3 rats
  3 river rat simulacra (D:11)
  16 butterflies (Zot:5)
563 creatures vanquished.

Vanquished Creatures (others)
  3 dread liches (Zot:5)
  An ancient lich (Zot:5)
  4 Killer Klowns (Zot:5)
  A tentacled monstrosity (Zot:5)
  10 Orb Guardians (Zot:5)
  An azure jelly (Slime:5)
  A draconian knight (Zot:5)
  A draconian stormcaller (Zot:5)
  A green draconian (Zot:5)
  2 red draconians (Zot:5)
  An anaconda (Snake:1)
  2 naga warriors (Snake:1)
  A death yak (Lair:5)
  A deep elf knight (Elf:2)
  A bog body (Lair:3)
  A wizard (D:13)
  2 elephants (Lair:2)
  2 moths of wrath (Zot:5)
  A black mamba (Lair:4)
  A cane toad (Lair:5)
  A polar bear (D:10)
  2 water elementals (Elf:2)
  6 yaks
  Menkaure (D:7)
  A steam dragon (D:7)
  2 water moccasins
  3 orc warriors
  An ogre (D:9)
  A kobold brigand (D:9)
  A gnoll sergeant (D:9)
  A killer bee (D:10)
  2 orcs
  A bush (Lair:5)
  146 fire vortices
  5 foxfires (Swamp:3)
  32 fungi
  97 plants
  3 starspawn tentacles
344 creatures vanquished.

Grand Total: 2760 creatures vanquished

Notes
Turn   | Place    | Note
-------+----------+-------------------------------------------
     0 | D:1      | Vorhees the Djinni Summoner began the quest for the Orb.
     0 | D:1      | Vorhees set off with the following spells memorised: Summon
                  | Small Mammal, Call Imp, Call Canine Familiar, Summon
                  | Guardian Golem, Summon Lightning Spire.
     0 | D:1      | Reached XP level 1. HP: 15/15 MP: 0/0
    77 | D:1      | Found a faded altar of an unknown god.
   164 | D:1      | Reached XP level 2. HP: 20/22 MP: 0/0
   812 | D:1      | Reached XP level 3. HP: 10/26 MP: 0/0
   812 | D:1      | Learned a level 1 spell: Necrotise
   936 | D:1      | Identified a scroll of acquirement
   936 | D:1      | Acquired the scarf "Cuvvotug" {repulsion, rC+ Int+4}
  1160 | D:2      | Found Furchaf's Antique Weapon Boutique.
  1169 | D:2      | Found Doah Jin's General Store.
  1260 | D:2      | Reached skill level 4 in Spellcasting
  1309 | D:2      | Found Moefis's Weapon Shoppe.
  1764 | D:3      | Reached skill level 1 in Fighting
  1764 | D:3      | Reached XP level 4. HP: 27/32 MP: 0/0
  1791 | D:3      | Found Gozag's Platinum Reserve.
  1831 | D:3      | Found an opulent altar of Gozag.
  1919 | D:3      | Became a worshipper of Gozag Ym Sagoz the Greedy
  2097 | D:3      | Reached XP level 5. HP: 21/37 MP: 0/0
  2097 | D:3      | Learned a level 2 spell: Ensorcelled Hibernation
  2276 | D:3      | Found a sacrificial altar of Ru.
  2285 | D:3      | Reached skill level 1 in Maces & Flails
  2470 | D:3      | You are sucked into a shaft and drop 3 floors!
  2523 | D:6      | Found a staircase to the Ecumenical Temple.
  2545 | D:6      | Noticed a bullfrog
  2640 | D:5      | Entered Level 5 of the Dungeon
  2666 | D:5      | Noticed a phantom
  2690 | D:5      | Killed a phantom
  2691 | D:5      | Reached skill level 5 in Spellcasting
  2691 | D:5      | Reached XP level 6. HP: 42/43 MP: 0/0
  2951 | D:4      | Found Hicrogie's Book Boutique.
  3272 | D:4      | Found Evyohydd's Antique Armour Boutique.
  3290 | D:4      | Bought a crude leather armour for 196 gold pieces
  3290 | D:4      | Identified the +2 leather armour "Vaxkap" {-Tele Harm rN+
                  | Int+3} (You bought it in a shop on level 4 of the Dungeon)
  3293 | D:4      | Found Zuhiolye's Weapon Shop.
  3435 | D:4      | Found Soud's Distillery.
  3452 | D:4      | Reached XP level 7. HP: 29/49 MP: 0/0
  3452 | D:4      | Learned a level 2 spell: Poisonous Vapours
  3555 | D:4      | Found Sinn's Weapon Shop.
  3568 | D:4      | Found a glowing silver altar of Zin.
  3568 | D:4      | Found a white marble altar of Elyvilon.
  3568 | D:4      | Found a glowing golden altar of the Shining One.
  4707 | D:5      | Found a snail-covered altar of Cheibriados.
  4759 | D:5      | Identified the +4 falchion of Lust {drain, SInv}
  5047 | D:6      | Reached skill level 6 in Spellcasting
  5773 | D:7      | Noticed a steam dragon
  5779 | D:7      | Reached XP level 8. HP: 55/55 MP: 0/0
  5800 | D:7      | Noticed Joseph
  5805 | D:7      | Reached skill level 7 in Spellcasting
  5830 | D:7      | Killed Joseph
  5963 | D:7      | Noticed Menkaure
  5977 | D:7      | Killed Menkaure
  5978 | D:7      | Reached skill level 8 in Spellcasting
  5993 | D:7      | Noticed Duvessa
  5996 | D:7      | Reached XP level 9. HP: 54/61 MP: 0/0
  5996 | D:7      | Learned a level 3 spell: Confusing Touch
  6003 | D:7      | Killed Duvessa
  6011 | D:7      | Noticed Dowan
  6016 | D:7      | Killed Dowan
  6602 | D:8      | Reached skill level 9 in Spellcasting
  6611 | D:8      | Found a broken altar of Ashenzari.
  6698 | D:8      | Found a stormy altar of Qazlal.
  6857 | D:8      | Found a staircase to the Lair.
  7493 | D:9      | Noticed a gargoyle
  7502 | D:9      | Identified the ring of the Prince of Darkness {rC+ rN+}
  7506 | D:9      | Killed a gargoyle
  7518 | D:9      | Reached XP level 10. HP: 41/68 MP: 0/0
  7526 | D:9      | Reached skill level 10 in Spellcasting
  7640 | D:9      | Found a staircase to the Orcish Mines.
  7845 | D:9      | Found a basalt altar of Yredelemnul.
  7863 | D:9      | Noticed a cyclops
  7876 | D:9      | Killed a cyclops
  7877 | D:9      | Reached skill level 11 in Spellcasting
  8095 | D:9      | Found an ornate altar of the Wu Jian Council.
  8445 | D:10     | Entered Level 10 of the Dungeon
  8470 | D:10     | Found a sparkling altar of Nemelex Xobeh.
  8498 | D:10     | Reached skill level 5 in Fighting
  8579 | D:10     | Reached XP level 11. HP: 75/75 MP: 0/0
  8579 | D:10     | Learned a level 5 spell: Blade Hands
  8583 | D:10     | Reached skill level 12 in Spellcasting
  9150 | D:11     | Noticed a cyclops
  9157 | D:11     | Killed a cyclops
  9158 | D:11     | Reached skill level 13 in Spellcasting
  9300 | D:11     | Noticed a two-headed ogre
  9307 | D:11     | Killed a two-headed ogre
  9599 | D:11     | Noticed a deep elf pyromancer
  9607 | D:11     | Killed a deep elf pyromancer
  9608 | D:11     | Reached XP level 12. HP: 81/83 MP: 0/0
 10000 | Lair:1   | Entered Level 1 of the Lair of Beasts
 10653 | Lair:1   | Reached skill level 14 in Spellcasting
 11573 | Lair:2   | Found a dark tunnel.
 11651 | Volcano  | Entered a volcano
 12466 | Lair:2   | Reached XP level 13. HP: 81/89 MP: 0/0
 12466 | Lair:2   | Learned a level 5 spell: Iskenderun's Battlesphere
 12474 | Lair:2   | Reached skill level 15 in Spellcasting
 13307 | Lair:3   | Reached skill level 1 in Shields
 13612 | Lair:3   | Reached skill level 5 in Dodging
 13665 | Lair:3   | Found a staircase to the Swamp.
 13750 | Lair:3   | Found a staircase to the Snake Pit.
 13752 | Lair:3   | Identified the +4 shortbow "Naethioh" {drain, Str+3 Int+3
                  | Dex+3 SInv}
 14425 | Lair:4   | Found a runed translucent door.
 14549 | Lair:4   | Reached skill level 16 in Spellcasting
 14631 | Lair:4   | Found a staircase to the Slime Pits.
 14992 | Lair:4   | Found a viscous altar of Jiyva.
 15167 | Lair:4   | Noticed a minotaur
 15193 | Lair:4   | Killed a minotaur
 15499 | Lair:5   | Entered Level 5 of the Lair of Beasts
 15530 | Lair:5   | Reached XP level 14. HP: 85/96 MP: 0/0
 15927 | Lair:5   | Reached skill level 17 in Spellcasting
 16260 | Lair:5   | Acquired 1105 gold pieces
 16457 | Lair:5   | Identified the +1 long sword of Deformation {drain, rF++
                  | rCorr Int-4 SInv}
 16649 | Lair:5   | Reached XP level 15. HP: 68/104 MP: 0/0
 16649 | Lair:5   | Learned a level 6 spell: Iron Shot
 17444 | Orc:1    | Entered Level 1 of the Orcish Mines
 17807 | Orc:1    | Found a runed translucent door.
 18852 | Orc:2    | Entered Level 2 of the Orcish Mines
 18906 | Orc:2    | Reached skill level 18 in Spellcasting
 19378 | Orc:2    | Reached skill level 5 in Shields
 20544 | Orc:2    | Found Cusugobu's Antique Armour Boutique.
 20545 | Orc:2    | Found Qirrib's Magic Scroll Boutique.
 20545 | Orc:2    | Found Zogae's Jewellery Shop.
 20546 | Orc:2    | Found Deaddiom's General Store.
 20560 | Orc:2    | Bought 3 scrolls of acquirement for 2496 gold pieces
 20560 | Orc:2    | Bought a scroll of acquirement for 832 gold pieces
 20569 | Orc:2    | Bought a warped leather armour for 224 gold pieces
 20569 | Orc:2    | Identified the +1 leather armour of the Mordant Bull {Fly
                  | Will+ rCorr Dex-5} (You bought it in a shop on level 2 of
                  | the Orcish Mines)
 20573 | Orc:2    | Acquired 436 gold pieces
 20575 | Orc:2    | Acquired 713 gold pieces
 20577 | Orc:2    | Acquired a manual of Fighting
 20579 | Orc:2    | Acquired a manual of Evocations
 20620 | Orc:2    | Bought a pitted scale mail for 306 gold pieces
 20620 | Orc:2    | Identified the +2 scale mail of Duagabik {rPois rC+ Slay-4}
                  | (You bought it in a shop on level 2 of the Orcish Mines)
 20637 | Orc:2    | Bought a runed helmet for 240 gold pieces
 20650 | Orc:2    | Bought a +1 pair of gloves of dexterity for 297 gold pieces
 20657 | Orc:2    | Bought a scorched rapier for 342 gold pieces
 20657 | Orc:2    | Identified the +2 rapier of Ravage {flame, rElec Dex+3
                  | SInv} (You bought it in a shop on level 2 of the Orcish
                  | Mines)
 21402 | D:12     | Reached XP level 16. HP: 101/112 MP: 0/0
 21738 | D:13     | Reached skill level 1 in Evocations
 22386 | D:13     | Identified the +6 spear "Fakucsy" {protect, Contam Int+2
                  | Dex+2 Stlth+}
 22610 | Snake:1  | Entered Level 1 of the Snake Pit
 22864 | Snake:1  | Reached skill level 19 in Spellcasting
 23255 | Snake:1  | Reached skill level 10 in Fighting
 24455 | Snake:2  | Reached XP level 17. HP: 53/120 MP: 0/0
 24455 | Snake:2  | Learned a level 6 spell: Death Channel
 24533 | Snake:2  | Reached skill level 20 in Spellcasting
 24758 | Snake:2  | Reached skill level 5 in Evocations
 25749 | Snake:3  | Found Doperogg's Antique Armour Boutique.
 25787 | Snake:3  | Bought a sapphire-encrusted scale mail for 189 gold pieces
 25787 | Snake:3  | Identified the +3 scale mail "Juteiw" {Harm rPois Regen+}
                  | (You bought it in a shop on level 3 of the Snake Pit)
 25874 | Snake:3  | Found Zehup's Armour Emporium.
 26051 | Snake:3  | Found Ofe Ruf's Armour Shop.
 26058 | Snake:3  | Bought the +2 shield of Resistance {rF++ rC++ Will++} for
                  | 987 gold pieces
 26058 | Snake:3  | Found the +2 shield of Resistance {rF++ rC++ Will++}
 26283 | Snake:3  | Found Veirghul's Antique Armour Shoppe.
 26291 | Snake:3  | Bought shiny steam dragon scales for 1720 gold pieces
 26663 | Snake:4  | Entered Level 4 of the Snake Pit
 26896 | Snake:4  | Identified the +0 falchion "Nuducuyj" {protect, Int+2}
 27082 | Snake:4  | Found Cife's Distillery.
 27084 | Snake:4  | Found Uplah's Armour Emporium.
 27086 | Snake:4  | Found Caul's Distillery.
 27507 | Snake:4  | Reached skill level 10 in Dodging
 27746 | Snake:4  | Reached XP level 18. HP: 121/131 MP: 0/0
 28119 | Snake:4  | Got a serpentine rune of Zot
 28128 | Snake:4  | Noticed Aizul
 28133 | Snake:4  | Killed Aizul
 28679 | Swamp:1  | Entered Level 1 of the Swamp
 28757 | Swamp:1  | Identified Roxanne's Codex of Evolution
 28757 | Swamp:1  | Noticed Roxanne
 28793 | Swamp:1  | You are sucked into a shaft and drop 1 floor!
 28970 | Swamp:1  | Identified the +2 leather armour of Trial and Error {Str+2
                  | Int+3}
 29367 | Swamp:1  | Noticed Josephine
 29371 | Swamp:1  | Killed Josephine
 29673 | Swamp:2  | Reached skill level 10 in Evocations
 30931 | Swamp:4  | Entered Level 4 of the Swamp
 30931 | Swamp:4  | Noticed Boaviesu's ghost (adept FoFi)
 30931 | Swamp:4  | Found a runed translucent door.
 31099 | Swamp:4  | Reached XP level 19. HP: 131/141 MP: 0/0
 31099 | Swamp:4  | Learned a level 6 spell: Eringya's Noxious Bog
 31881 | Swamp:4  | Noticed Mlioglotl
 31890 | Swamp:4  | Noticed the 27-headed Lernaean hydra
 31891 | Swamp:4  | Killed Mlioglotl
 32038 | Swamp:4  | Reached skill level 10 in Shields
 32053 | Swamp:4  | Killed the 27-headed Lernaean hydra
 32094 | Swamp:4  | Noticed Nikola
 32099 | Swamp:4  | Killed Nikola
 32100 | Swamp:4  | Reached skill level 15 in Fighting
 32226 | Swamp:4  | Got a decaying rune of Zot
 32400 | Swamp:4  | Killed Boaviesu's ghost
 32758 | D:14     | Noticed Kirke
 32785 | D:14     | Killed Kirke
 33048 | D:14     | Noticed Azrael
 33053 | D:14     | Killed Azrael
 33587 | D:14     | Identified the ring of Xom's Capriciousness {rC+ rN+ Dex+2
                  | SInv}
 33728 | D:14     | Found a gate to the Vaults.
 34255 | D:15     | Entered Level 15 of the Dungeon
 34283 | D:15     | Noticed Rupert
 34292 | D:15     | Killed Rupert
 34392 | D:15     | Found a staircase to the Depths.
 34412 | D:15     | Reached XP level 20. HP: 135/150 MP: 0/0
 34477 | D:15     | Reached skill level 21 in Spellcasting
 35743 | Vaults:1 | Entered Level 1 of the Vaults
 36240 | Vaults:1 | Noticed Donald
 36247 | Vaults:1 | Killed Donald
 37798 | Vaults:2 | Reached skill level 22 in Spellcasting
 37993 | Vaults:2 | Reached XP level 21. HP: 131/157 MP: 0/0
 37993 | Vaults:2 | Learned a level 7 spell: Enfeeble
 39142 | Vaults:3 | Identified the +9 flail "Nissidint" {heavy, +Blink rF+
                  | Str+7}
 40099 | Vaults:3 | Reached skill level 23 in Spellcasting
 40498 | Vaults:3 | Reached XP level 22. HP: 132/165 MP: 0/0
 40715 | Vaults:3 | Found a staircase to the Crypt.
 41430 | Vaults:4 | Reached skill level 5 in Stealth
 42383 | Vaults:4 | Identified the amulet of Sujixown {Faith +Blink rC+++ Will-
                  | Dex-5}
 42749 | Orc:2    | Found Kozaifet's Book Emporium.
 42786 | Orc:2    | Found a staircase to the Elven Halls.
 42980 | Elf:1    | Entered Level 1 of the Elven Halls
 43837 | Orc:2    | Reached skill level 24 in Spellcasting
 44833 | Elf:1    | Found Siune's General Store.
 45482 | Elf:2    | Noticed Hulashix's ghost (journeyman MiBe)
 45643 | Elf:2    | Reached XP level 23. HP: 152/171 MP: 0/0
 45643 | Elf:2    | Learned a level 8 spell: Lehudib's Crystal Spear
 45774 | Elf:2    | Found a runed translucent gate.
 45775 | Elf:2    | Found a runed translucent gate.
 45775 | Elf:2    | Found a runed translucent gate.
 46050 | Elf:2    | Killed Hulashix's ghost
 46119 | Elf:2    | Identified the ring "Ateah" {rC+ Will++ Int-2 Dex+3}
 46209 | Elf:2    | Reached skill level 1 in Armour
 46978 | Elf:2    | Found a runed translucent door.
 47012 | Elf:2    | Found a runed translucent door.
 47780 | Elf:2    | Reached skill level 5 in Armour
 47969 | Elf:3    | Entered Level 3 of the Elven Halls
 48244 | Elf:3    | Reached skill level 15 in Dodging
 48572 | Elf:3    | Identified the +4 scale mail of Mental Paralysis {Str+4
                  | Int-5}
 48574 | Elf:3    | Identified the amulet "Wedwurita" {Faith rF+ Str+5 Slay-2}
 49057 | Elf:3    | Noticed Mara
 49251 | Elf:3    | Killed Mara
 49567 | Elf:3    | Identified the +5 great mace "Boessap" {freeze, Drain rElec
                  | Will- rCorr}
 49677 | Elf:3    | Identified the +2 leather armour of Wu Jian's Wrath
                  | {Rampage rElec rF++ Stlth-}
 49863 | Elf:3    | Identified the ring of Peace {Fire rN+ Str+3 Int+4}
 49930 | Elf:3    | Reached XP level 24. HP: 171/179 MP: 0/0
 50006 | Elf:3    | Identified the ring "Arakh" {MP+9 Int+5}
 50023 | Elf:3    | Identified the staff of conjuration "Cobo Rij" {rPois rC+
                  | Int+2}
 50028 | Elf:3    | Identified the +1 pair of boots of Death's Door {rPois rF+
                  | SInv}
 50647 | Depths:1 | Entered Level 1 of the Depths
 50656 | Depths:1 | Found a gateway to Hell.
 51737 | Depths:1 | Found a blossoming altar of Fedhas.
 51820 | Depths:1 | Found a runed translucent gate.
 51820 | Depths:1 | Found a runed translucent gate.
 51820 | Depths:1 | Found a runed translucent gate.
 51820 | Depths:1 | Noticed Plog's ghost (adept DgCj)
 51820 | Depths:1 | Noticed an ancient lich
 51821 | Depths:1 | Noticed an ancient lich
 51822 | Depths:1 | Noticed Boiggue's ghost (veteran KoVM)
 52086 | Depths:1 | Found a one-way gateway to a ziggurat.
 52451 | Depths:2 | Reached skill level 25 in Spellcasting
 52487 | Depths:2 | Found a one-way gate leading to the halls of Pandemonium.
 52513 | Depths:2 | Found a corrupted altar of Lugonu.
 52513 | Depths:2 | Found a one-way gate to the infinite horrors of the Abyss.
 52630 | Depths:2 | Found a transporter.
 52646 | Depths:2 | Noticed a caustic shrike
 52654 | Depths:2 | Found a transporter.
 53282 | Depths:2 | Found Caqipud's Commerce Corner.
 53962 | Depths:3 | Noticed a juggernaut
 53967 | Depths:3 | Killed a juggernaut
 54031 | Depths:3 | Noticed a juggernaut
 54037 | Depths:3 | Killed a juggernaut
 54098 | Depths:3 | Reached XP level 25. HP: 156/186 MP: 0/0
 54098 | Depths:3 | Learned a level 9 spell: Death's Door
 54132 | Depths:3 | Identified the +1 dagger of Ehyrrun {freeze, rF+ Str+5}
 54484 | Depths:3 | Noticed Grunn
 54513 | Depths:3 | Killed Grunn
 54900 | Depths:3 | Noticed Xtahua
 54905 | Depths:3 | Killed Xtahua
 55057 | Depths:4 | Entered Level 4 of the Depths
 55291 | Depths:4 | Found Runaam's Armour Shop.
 56034 | Depths:4 | Found a gate to the Realm of Zot.
 56687 | Depths:4 | Reached skill level 26 in Spellcasting
 57068 | Crypt:1  | Entered Level 1 of the Crypt
 57068 | Crypt:1  | Noticed Saint Roka
 57088 | Crypt:1  | Killed Saint Roka
 57587 | Crypt:1  | Found a transporter.
 58880 | Crypt:2  | Identified the +0 halberd "Kots" {speed, rElec Will+ Dex+3}
 59549 | Crypt:3  | Entered Level 3 of the Crypt
 59744 | Crypt:3  | Reached XP level 26. HP: 155/193 MP: 0/0
 60041 | Crypt:3  | Found a staircase to the Tomb.
 60067 | Crypt:3  | Noticed an ancient lich
 60070 | Crypt:3  | Killed an ancient lich
 60635 | Crypt:3  | Identified the +8 great mace "Burep" {holy, rF+ Will++
                  | Int+3}
 60636 | Crypt:3  | Identified the ring "Iskaf" {rN+ MP+9 Str+9 Dex-5 Stlth-}
 60636 | Crypt:3  | Identified the ring "Jablocot" {rElec rN+ Will++ Int+4}
 60636 | Crypt:3  | Identified the ring "Giokuxt" {rPois rN+ Will+ Dex+3
                  | Stlth-}
 60923 | Crypt:3  | Noticed Jory
 61047 | Crypt:3  | Reached skill level 27 in Spellcasting
 61263 | Crypt:3  | Killed Jory
 62126 | Slime:1  | Entered Level 1 of the Pits of Slime
 63279 | Slime:1  | Gained mutation: You are frail. (-10% HP) [a shining eye]
 63570 | Slime:3  | Gained mutation: Your body sometimes deteriorates upon
                  | taking damage. [a shining eye]
 63576 | Slime:3  | Gained mutation: You are occasionally teleported next to
                  | monsters. [a shining eye]
 64004 | Slime:3  | Gained mutation: Armour fits poorly on your strangely
                  | shaped body. [a shining eye]
 64237 | Slime:2  | Lost mutation: You are frail. (-10% HP) [potion of
                  | mutation]
 64237 | Slime:2  | Lost mutation: You are occasionally teleported next to
                  | monsters. [potion of mutation]
 64237 | Slime:2  | Lost mutation: Your body sometimes deteriorates upon taking
                  | damage. [potion of mutation]
 64237 | Slime:2  | Gained mutation: You are frail. (-10% HP) [potion of
                  | mutation]
 64237 | Slime:2  | Gained mutation: You sometimes lose your temper in combat.
                  | [potion of mutation]
 64238 | Slime:2  | Lost mutation: You sometimes lose your temper in combat.
                  | [potion of mutation]
 64238 | Slime:2  | Lost mutation: Armour fits poorly on your strangely shaped
                  | body. [potion of mutation]
 64238 | Slime:2  | Lost mutation: You are frail. (-10% HP) [potion of
                  | mutation]
 64238 | Slime:2  | Gained mutation: You expend health (3 HP) to strengthen
                  | your wands. [potion of mutation]
 64238 | Slime:2  | Gained mutation: Your muscles are strong. (Str +4, Int/Dex
                  | -1) [potion of mutation]
 65828 | Slime:5  | Entered Level 5 of the Pits of Slime
 66069 | Slime:5  | Noticed the Royal Jelly
 66076 | Slime:5  | Killed the Royal Jelly
 66393 | Slime:5  | Reached XP level 27. HP: 185/201 MP: 0/0
 66393 | Slime:5  | Learned a level 9 spell: Fire Storm
 66750 | Slime:5  | Identified the staff of earth "Zepeq" {rF+}
 66807 | Slime:5  | Identified the ring "Wiocaluu" {rPois Int+6 Slay+2}
 66818 | Slime:5  | Identified the +1 scale mail "Kiebbut" {Rampage rN+ Will-
                  | Int+2}
 66831 | Slime:5  | Got a slimy rune of Zot
 66858 | Slime:5  | Identified the staff of poison "Mut Qoal" {rPois rCorr
                  | Int+5}
 67795 | Zig:1    | Entered Level 1 of a ziggurat
 67806 | Zig:2    | Entered Level 2 of a ziggurat
 68035 | Zig:3    | Entered Level 3 of a ziggurat
 68084 | Zig:4    | Entered Level 4 of a ziggurat
 68418 | Zig:5    | Entered Level 5 of a ziggurat
 68632 | Zig:5    | Identified the +7 great sword of the Establishment {drain,
                  | rPois SInv}
 68633 | Zig:5    | Identified the amulet "Cuzxeh" {-Tele Regen+ Dex+4 SInv}
 68813 | Zot:1    | Entered Level 1 of the Realm of Zot
 69407 | Zot:1    | Identified the +3 rapier "Giant's Toothpick" {heavy, rPois
                  | Dex+2}
 69440 | Zot:1    | Noticed an orb of fire
 69441 | Zot:1    | Gained mutation: You are dopey. (Int -2) [an orb of fire]
 69449 | Zot:1    | Killed an orb of fire
 70632 | Zot:2    | Noticed a dread lich
 70634 | Zot:2    | Killed a dread lich
 71422 | Zot:2    | Acquired 1190 gold pieces
 72476 | Zot:4    | Noticed Parghit
 72481 | Zot:4    | Killed Parghit
 73879 | Zot:4    | Found a runed translucent door.
 73881 | Zot:4    | Noticed Toelubet's ghost (veteran CeHu)
 74158 | Zot:5    | Entered Level 5 of the Realm of Zot
 74180 | Zot:5    | Noticed a Killer Klown
 74182 | Zot:5    | Killed a Killer Klown
 74303 | Zot:5    | Found a huge runed gate.
 74303 | Zot:5    | Found a huge runed gate.
 74303 | Zot:5    | Found a huge runed gate.
 74303 | Zot:5    | Found a huge runed gate.
 74327 | Zot:5    | Found a huge runed gate.
 74327 | Zot:5    | Found a huge runed gate.
 74327 | Zot:5    | Found a huge runed gate.
 74327 | Zot:5    | Found a huge runed gate.
 74329 | Zot:5    | Found a huge runed gate.
 74330 | Zot:5    | Found a huge runed gate.
 74330 | Zot:5    | Found a huge runed gate.
 74330 | Zot:5    | Found a huge runed gate.
 74330 | Zot:5    | Found a huge runed gate.
 74330 | Zot:5    | Found a huge runed gate.
 74331 | Zot:5    | Found a huge runed gate.
 74332 | Zot:5    | Found a huge runed gate.
 74333 | Zot:5    | Found a huge runed gate.
 74334 | Zot:5    | Found a huge runed gate.
 74335 | Zot:5    | Found a huge runed gate.
 74344 | Zot:5    | Found a huge runed gate.
 74344 | Zot:5    | Found a huge runed gate.
 74344 | Zot:5    | Found a huge runed gate.
 74344 | Zot:5    | Found a huge runed gate.
 74344 | Zot:5    | Found a huge runed gate.
 74345 | Zot:5    | Found a huge runed gate.
 74346 | Zot:5    | Found a huge runed gate.
 74347 | Zot:5    | Found a huge runed gate.
 74348 | Zot:5    | Found a huge runed gate.
 74356 | Zot:5    | Found a huge runed gate.
 74356 | Zot:5    | Found a huge runed gate.
 74356 | Zot:5    | Found a huge runed gate.
 74356 | Zot:5    | Found a huge runed gate.
 74356 | Zot:5    | Found a huge runed gate.
 74454 | Zot:5    | Identified the +1 leather armour of Lamok {rC++ Will+
                  | Int-2}
 74459 | Zot:5    | Identified the +1 chain mail "Amait" {rCorr}
 74465 | Zot:5    | Acquired 1045 gold pieces
 74772 | Zot:5    | Noticed a dread lich
 74777 | Zot:5    | Noticed a Killer Klown
 74784 | Zot:5    | Killed a Killer Klown
 74807 | Zot:5    | Noticed an ancient lich
 74827 | Zot:5    | Killed an ancient lich
 74842 | Zot:5    | Killed a dread lich
 74852 | Zot:5    | Noticed an orb of fire
 74855 | Zot:5    | Noticed a Killer Klown
 74860 | Zot:5    | Noticed an orb of fire
 74861 | Zot:5    | Noticed a dread lich
 74868 | Zot:5    | Noticed a dread lich
 74870 | Zot:5    | Noticed a dread lich
 74884 | Zot:5    | Killed a Killer Klown
 74958 | Zot:5    | Noticed a Killer Klown
 74960 | Zot:5    | Noticed an orb of fire
 74962 | Zot:5    | Noticed an orb of fire
 74969 | Zot:5    | Noticed a Killer Klown
 74970 | Zot:5    | Killed a Killer Klown
 74974 | Zot:5    | Killed a dread lich
 75162 | Zot:5    | Killed an orb of fire
 75280 | Zot:5    | Killed a dread lich
 76018 | Zot:5    | Got the Orb of Zot
 76158 | Zot:5    | Noticed Qaoran the pandemonium lord
 76348 | Zot:1    | Noticed Xim Gud the pandemonium lord
 76560 | D:13     | Noticed Koca the pandemonium lord
 76846 | D:$      | Escaped with the Orb!

Illustrated notes

Levels and vault maps discovered:
D:1:      dpeg_arrival_shelter, layout_loops_cross,
          shapermc_ecumenical_altar_totnotflames, chequers_jeans, minivault_4
D:2:      layout_rooms, serial_shops, shop, shop, shop
D:3:      layout_loops_corners, nicolae_gozag_zags_fifth_avenue,
          mainiacjoe_overflow_boulevard, led_sif_pool, minmay_crystal_water
D:4:      layout_basic, good_gods_mini_temple, kennysheep_mini_moat,
          serial_shops, nicolae_shop_tiny_statue_garden, shop,
          nicolae_inconvenience_store, shop, shop,
          nicolae_kite_square_tiling_tiny
D:5:      layout_loops_ring, slow_altar_1, serial_bayou_crossing
D:6:      layout_basic, minmay_temple_entry_junction,
          hangedman_abyss_or_decor_lesser_grid
D:7:      layout_basic, uniq_menkaure, uniq_joseph, uniq_duvessa
D:8:      layout_basic, lemuel_round_altar, evilmike_ruin_ashenzari,
          minmay_tree_intersection
D:9:      minmay_spotlight, layout_loops_ring, nicolae_wu_jian_glorious_leap,
          yredelemnul_altar_generic, kennysheep_orc_monster_closet_entryway
D:10:     layout_cave_pools, nemelex_xobeh_ov_fountains_minmay, serial_ice,
          serial_ice_a, serial_ice_m, serial_ice_n, serial_ice_g, special_room
          [special_room_bee]
D:11:     layout_long_grid, eino_house_with_fridge
D:12:     layout_long_grid, minmay_shattered_shrine
D:13:     layout_loops_ring, minmay_fractal_squares_gapless_7
D:14:     layout_loops_corners, hangedman_vaults_entry_quadrant_bands,
          nicolae_sextant, uniq_azrael, uniq_kirke
D:15:     grunt_enter_depths_magical_seal, layout_long_grid, minmay_door_square,
          uniq_rupert
Lair:1:   layout_layer_cave, grunt_forest_small_clearings
Lair:2:   layout_regular_city, nicolae_volcano_entry_hallway,
          chequers_serial_rivers_small_b
Lair:3:   layout_gridlike, skrybe_swamp_entry_bodies,
          minmay_snake_entry_six_corridors, grunt_megastairs_4,
          serial_bayou_shore_b
Lair:4:   dreamdust_labyrinth, layout_loops_ring, minmay_slime_entry_pillars,
          grunt_megastairs_5, infiniplex_staircase_pool
Lair:5:   minmay_lair_end_frog_pond, layout_regular_city
Swamp:1:  layout_basic_swamp, evilmike_swamp_ruin_house_5, uniq_josephine,
          uniq_roxanne
Swamp:2:  nicolae_swamp_husk_halls, layout_basic_swamp,
          evilmike_swamp_ruin_house_6
Swamp:3:  layout_basic_swamp, evilmike_swamp_ruin_house_2
Swamp:4:  swamp_old_school, layout_basic_swamp, hellmonk_ghost_happy_afterlife,
          uniq_mlioglotl, uniq_nikola
Snake:1:  layout_basic, grunt_ministairs_11, nicolae_snake_gridmaze_swirls
Snake:2:  layout_cave_pods, nicolae_snake_mages_go_home, serial_bayou_shore_a
Snake:3:  layout_honeycomb, serial_shops, shop, nicolae_diamond_shop, shop,
          nicolae_shop_stone
Snake:4:  snake_pit, layout_layer_cave, minmay_shop_star, uniq_aizul
Slime:1:  layout_caves
Slime:2:  layout_caves
Slime:3:  layout_caves
Slime:4:  layout_caves
Slime:5
Orc:1:    layout_caves, portal_ice_cave_entry_animals_and_master,
          lightli_church_of_beogh
Orc:2:    st_orc_pillars, layout_caves, basic_altar, serial_shops,
          nicolae_shop_hallway_plus, mines2_david
Elf:1:    eino_elf_arrival_customs, layout_loops_ring, serial_shops,
          nicolae_shop_stone, hangedman_elf_disciples, evilmike_ambush
          [evilmike_ambush_outer_basic, evilmike_ambush_inner_wall_2]
Elf:2:    elven_hall_of_blades_hangedman_original
          [nicolae_blade_entry_splitting_headache], layout_gridlike,
          gammafunk_ghost_split, minmay_misc_feat_pillars, lemuel_flamethrower_3
Elf:3:    minmay_elf_hall_furrowed, layout_geoelf_castle, minivault_15,
          uniq_mara
Vaults:1: nicolae_vaults_twisting_passages, vaults_dpeg_diagonal,
          nicolae_vaults_little_squares_4, v_misc_11, ontoclasm_vaults_eye,
          nicolae_vaults_surprise_closet, vaults_dpeg_emergency_exit,
          special_room_vaults [special_room_orc],
          nicolae_vaults_little_squares_5, hangedman_vaults_stretched_pinwheel,
          nicolae_vaults_windows_and_doors_thing, vaults_room_stairs_pillars,
          nicolae_vaults_trapezoid_layered, ontoclasm_vaults_chip,
          layout_vaults_ring, uniq_donald
Vaults:2: hangedman_vaults_unwind, nicolae_vaults_weapon_check,
          nicolae_vaults_ellipses_ellipsis, nicolae_vaults_tetromino_T_2,
          v_pattern_3, ontoclasm_vaults_idyll, grunt_vaults_funnel,
          hangedman_vaults_hat, v_misc_19, nicolae_vaults_prndl,
          layout_vaults_omnibox
Vaults:3: vaults_standard_mumra_x, v_pattern_5,
          nicolae_vaults_offset_grid_hallway_1,
          nicolae_vaults_doubleplus_tesselated, minmay_crypt_entry_simple_plaza,
          v_misc_17, vaults_room_boxed, nicolae_vaults_asterisk,
          vaults_mumra_minichess, v_alt_pattern_5, vaults_dpeg_ring,
          nicolae_vaults_little_squares_6, layout_vaults_omnicross
Vaults:4: nicolae_vaults_closet_pinwheel_1, dpeg_vaults_monster_box,
          nicolae_vaults_trapezoid_lopsided_3, ontoclasm_vaults_hangar,
          nicolae_vaults_storage_closets_1, ontoclasm_vaults_gateway,
          ontoclasm_vaults_misaligned, nicolae_vaults_double_plus_1,
          layout_vaults_big_room
Crypt:1:  gammafunk_sealed_library, layout_gridlike, uniq_saint_roka
Crypt:2:  layout_basic
Crypt:3:  due_elkab, layout_chaotic_city, nicolae_tomb_entry_rubble_hallway,
          palyth_stone_intersect, moated_statue
Depths:1: layout_gridville, enter_ziggurat_c, minmay_misc_feat_plants,
          gammafunk_ghost_crypt, pf_hell_entry_tar_river, st_stairs_2,
          minmay_misc_feat_hallway, fedhas_altar_fruit_tree
Depths:2: gammafunk_sealed_arena, layout_long_grid, abyss_entry_flame_altar,
          hell_entry, grunt_pan_entry_spiral, minmay_misc_feat_encased,
          serial_bayou_pond_e, serial_sigils_hangedman_gut, grunt_ministairs_4,
          nicolae_alphabet_shops, infiniplex_staircase_pillars_1,
          serial_bayou_shore_b
Depths:3: hangedman_cross_cluster, layout_gridlike, hell_entry, abyss_entry,
          uniq_josephina, uniq_xtahua, uniq_grunn
Depths:4: evilmike_zot_entry_argh, layout_basic, serial_shops,
          nicolae_shop_window_shopping, grunt_hell_entry_dis_grunt
Zot:1:    layout_onion_interference
Zot:2:    layout_gridlike, nzn_random_ring
Zot:3:    layout_misc_corridors
Zot:4:    lemuel_draconian_sentries, layout_onion_interference,
          ebering_ghost_inner_flame, uniq_parghit
Zot:5:    layout_basic, not_door_vault_mu

Skill      XL: |  1  2  3  4  5  6  7  8  9 10 11 12 13 14 15 16 17 18 19 20 21 22 23 24 25 26 27 |
---------------+----------------------------------------------------------------------------------+-----
Spellcasting   | 4 5 6 8 9 11 13 14 16 17 18 19 20 22 23 24 25 26 27 | 27.0
Fighting       | 1 2 3 4 5 6 7 8 9 10 12 14 15 16 17 18 25 | 25.2
Maces & Flails | 1 |  1.2
Dodging        | 4 5 6 7 8 10 12 13 15 16 17 | 17.3
Shields        | 2 4 5 6 9 10 13 | 13.3
Evocations     | 4 8 10 12 | 12.5
Stealth        | 3 4 5 6 |  6.3
Armour         | 7 |  7.5
Short Blades   | |  0.1

Action                     |  1- 3 |  4- 6 |  7- 9 | 10-12 | 13-15 | 16-18 | 19-21 | 22-24 | 25-27 || total
---------------------------+-------+-------+-------+-------+-------+-------+-------+-------+-------++-------
  Melee: Whip              |    60 |    64 |    13 |       |       |       |       |       |       ||   137
         Punch             |     1 |     1 |       |       |       |       |       |       |       ||     2
         Falchion          |       |       |     7 |     7 |    10 |       |       |       |       ||    24
         Rapier            |       |       |       |       |       |       |     1 |     1 |       ||     2
         Staff             |       |       |       |       |       |       |       |       |     2 ||     2
   Cast: Summon Small Mamm |    60 |    14 |       |     2 |       |       |       |       |       ||    76
         Call Imp          |     2 |    16 |     7 |    14 |     6 |       |       |       |       ||    45
         Call Canine Famil |       |    16 |    20 |    41 |    45 |     5 |       |     2 |     1 ||   130
         Summon Guardian G |       |     3 |    12 |    49 |    49 |     6 |       |     1 |     1 ||   121
         Poisonous Vapours |       |       |   132 |   178 |   392 |       |       |       |       ||   702
         Summon Lightning  |       |       |     2 |    46 |   106 |    39 |     9 |     3 |     3 ||   208
         Necrotise         |       |       |       |     1 |       |       |       |     1 |     9 ||    11
         Iskenderun's Batt |       |       |       |       |    88 |    54 |    49 |    66 |    66 ||   323
         Iron Shot         |       |       |       |       |   104 |   440 |   520 |   642 |   595 ||  2301
         Death Channel     |       |       |       |       |       |    23 |    17 |    15 |    15 ||    70
         Blade Hands       |       |       |       |       |       |     1 |       |       |     1 ||     2
         Eringya's Noxious |       |       |       |       |       |       |    23 |    16 |     2 ||    41
         Enfeeble          |       |       |       |       |       |       |     4 |    15 |    18 ||    37
         Lehudib's Crystal |       |       |       |       |       |       |       |    16 |    25 ||    41
         Fire Storm        |       |       |       |       |       |       |       |       |   248 ||   248
 Invoke: Call Merchant     |       |       |       |       |     3 |       |       |       |       ||     3
         Potion Petition   |       |       |       |       |       |     1 |       |       |       ||     1
         Bribe Branch      |       |       |       |       |       |       |       |       |     4 ||     4
Ability: End Transformatio |       |       |       |       |       |     1 |       |       |       ||     1
  Evoke: Wand              |       |       |       |     2 |     2 |     1 |       |     1 |    19 ||    25
         Box of beasts     |       |       |       |       |       |       |     1 |       |       ||     1
    Use: Scroll            |     6 |       |    18 |     5 |    13 |     2 |     3 |     3 |    12 ||    62
         Potion            |       |       |       |       |     4 |     3 |       |     1 |     8 ||    16
   Stab: Distracted        |     2 |       |       |       |     1 |       |       |       |       ||     3
         Sleeping          |       |     1 |     1 |       |       |       |       |       |       ||     2
 Armour: Robe              |     5 |     8 |     2 |    12 |    26 |    11 |       |       |       ||    64
         Steam dragon scal |       |       |       |       |       |    15 |    21 |    13 |    37 ||    86
  Dodge: Dodged            |    43 |    46 |    34 |    67 |   162 |   109 |   124 |   205 |   140 ||   930
         Repelled          |       |       |     1 |     2 |     1 |    22 |     5 |    11 |    13 ||    55
  Block: Buckler           |       |       |       |       |    59 |    22 |       |       |       ||    81
         Kite shield       |       |       |       |       |       |    47 |   112 |   160 |   115 ||   434
